AoeStats
← RazielCandevixx

Arabia

504329612Analyzed
2v2 RM · 27d ago on Sep 4, 2026· 25m 40s· 4 players
Game mode
Random Map
Map size
Medium (4 player)
Population
200
Speed
Normal
Resources
Standard
Victory
Conquest
Starting age
Dark Age
Ending age
Imperial Age
RankedLock teamsTeams togetherTeam positionsShared explorationLock speedFull tech treeHidden civsTurbo modeCheats
Victory
Defeat
🇦🇷 Magyars · Argentina
870
+16
🇦🇷 Portuguese · Argentina
867
+16
🇨🇱 Burgundians · Chile
870
-16
🇨🇱 Britons · Chile
860
-16
Nikox_2015
11:04 Feudal Age
13:38 Loom
15:18 Forging
RazielCandevixx
11:07 Feudal Age
13:53 Double-Bit Axe
15:27 Loom
15:44 Horse Collar
21:43 Castle Age
20:46 Man-at-Arms
22:01 Bow Saw
21:56 Stone Mining
Bitchslap
11:09 Feudal Age
15:44 Double-Bit Axe
20:10 Fletching
22:43 Castle Age
22:13 Padded Archer Armor
22:49 Gold Mining
22:54 Crossbowman
24:12 Bodkin Arrow
TURCOLLINS
9:55 Feudal Age
10:51 Horse Collar
20:14 Castle Age
18:16 Double-Bit Axe
19:01 Gold Mining
19:49 Wheelbarrow
19:23 Scale Mail Armor
21:06 Pikeman
22:06 Heavy Plow
22:17 Bow Saw
25:14 Gold Shaft Mining
26:02 Town Watch
26:32 Hand Cart
Connection lost

Rejoining the realm…

Still unreachable

The connection could not be restored.

Session expired

The server has moved on; the page needs a fresh start.